 Dungeon Crawl Stone Soup version 0.28-a0-297-g99b01970c5 (webtiles) character file.

Game seed: 12621949650216938691

22 Hastur the Ducker (level 2, -1/22 HPs)
             Began as a Demonspawn Gladiator on Aug 29, 2021.
             Slain by an adder (4 damage)
             ... on level 2 of the Dungeon.
             The game lasted 00:03:00 (1504 turns).

Hastur the Ducker (Demonspawn Gladiator)            Turns: 1504, Time: 00:03:01

Health: -1/22      AC:  3    Str: 14    XL:     2   Next: 68%
Magic:  2/2        EV: 12    Int:  9    God:
Gold:   46         SH:  0    Dex: 14    Spells: 1/1 levels left

rFire   . . .      SeeInvis .   a - +0 rapier
rCold   . . .      Faith    .   (no shield)
rNeg    . . .      Spirit   .   b - +0 leather armour
rPois   .          Reflect  .   (helmet restricted)
rElec   .          Harm     .   (no cloak)
rCorr   .          Rampage  .   (no gloves)
Will    .....                   (no boots)
Stlth   ++........              (no amulet)
HPRegen 0.07/turn               (no ring)
MPRegen 0.08/turn               (no ring)

@: attractive
A: antennae 1
a: no special abilities


You were on level 2 of the Dungeon.
You visited 1 branch of the dungeon, and saw 2 of its levels.

You collected 46 gold pieces.

Inventory:

Hand Weapons
 a - a +0 rapier (weapon)
Missiles
 d - 2 throwing nets (quivered) {!f}
Armour
 b - a +0 leather armour (worn)
 c - a +0 helmet
Jewellery
 h - a ring of fire
   (You found it on level 1 of the Dungeon)
Scrolls
 g - a scroll of blinking {unknown}
 i - a scroll of brand weapon {unknown}
 j - a scroll of identify {unknown}
Potions
 e - a potion of cancellation {unknown}
 f - a potion of curing {unknown}
 l - a potion of heal wounds {unknown}


   Skills:
 - Level 2.0 Fighting
 + Level 2.7 Short Blades
 - Level 1.7 Throwing
 - Level 3.0 Dodging
 - Level 2.0 Stealth


You had one spell level left.
You didn't know any spells.
Your spell library was empty.

Dungeon Overview and Level Annotations

Branches:
Dungeon (2/15)

Altars:


Innate Abilities, Weirdness & Mutations

You have a pair of small antennae on your head.


Message History

You open the door.
There is an open door here.
There is an open door here.
There is an escape hatch in the floor here.
There is an open door here.
There is an open door here.
There is an open door here.
There is an open door here.
There is a stone staircase leading down here.
You climb downwards.
Found 8 gold pieces.
Found a stone staircase leading down.
There is a stone staircase leading up here.
You now have 46 gold pieces (gained 8).
Found a silvery potion.
l - a silvery potion An adder comes into view.
The adder hisses angrily.
You barely miss the adder. The adder bites you.
You are poisoned.
The adder poisons you!
You closely miss the adder.
You feel sick. The adder bites you.
You are more poisoned.
The adder poisons you!
You miss the adder.
You feel sick. The adder bites you. The adder barely misses you.
You closely miss the adder.
You feel sick. The adder closely misses you.
You hit the adder.
You feel sick. The adder bites you but does no damage.
You barely miss the adder.
You feel sick. The adder bites you.
* * * LOW HITPOINT WARNING * * *
The adder barely misses you.
You closely miss the adder.
You feel sick. The adder barely misses you.
You closely miss the adder.
You feel sick.
You are no longer poisoned.
The adder bites you but does no damage.
It was a potion of attraction.
You feel attractive to monsters. The adder bites you.
* * * LOW HITPOINT WARNING * * *
The adder barely misses you.
Throw: 3 throwing nets {!f}
Aim: an adder (40% to hit)
You throw a throwing net {!f}. The throwing net {!f} hits the adder.
The adder is caught in the net!
The adder struggles against the net.
You hit the adder.
The adder struggles against the net.
You hit the adder.
The adder struggles against the net. x2
You hit the adder.
The adder struggles against the net.
The net rips apart, and the adder comes free!
You miss the adder. The adder bites you.
You die...

#######.........
#....##..
###.#..#
#...#..## .
#####...### ##.#
#.#...# .....
#...#.#####......
###...##.S.......
##....@##......
#.....## .....
#.#...# ....
...#...# ...
#...#...# ..
#...##### . #...
##


You could see an adder.

Vanquished Creatures
  A bat (D:1)
  2 endoplasms (D:1)
  2 goblins (D:1)
  2 hobgoblins (D:1)
  4 jackals (D:1)
  2 kobolds (D:1)
  4 ball pythons (D:1)
  A rat (D:1)
18 creatures vanquished.

Notes
Turn   | Place    | Note
-------+----------+-------------------------------------------
     0 | D:1      | Hastur the Demonspawn Gladiator began the quest for the
                  | Orb.
     0 | D:1      | Reached XP level 1. HP: 16/16 MP: 1/1
    91 | D:1      | Reached skill level 1 in Stealth
   535 | D:1      | Gained mutation: You have a pair of small antennae on your
                  | head. [demonic ancestry]
   535 | D:1      | Reached XP level 2. HP: 21/22 MP: 2/2
   765 | D:1      | Found a faded altar of an unknown god.
  1050 | D:1      | Reached skill level 3 in Dodging
  1504 | D:2      | Slain by an adder

Illustrated notes

Levels and vault maps discovered:
D:1:      heliophobic_arrival_glass_houses, layout_basic, basic_ecumenical_altar
D:2:      layout_rooms, minmay_misc_feat_doors

Skill      XL: |  1  2 |
---------------+-------+-----
Stealth        | 1 2 |  2.0
Dodging        | 3 |  3.0
Fighting       | |  2.0
Short Blades   | |  2.7
Throwing       | |  1.7

Action                   || total
-------------------------++-------
Melee: Rapier            ||    65
Throw: Throwing net      ||     1
  Use: Potion            ||     1
 Stab: Sleeping          ||     3
Armor: Leather armour    ||    11
Dodge: Dodged            ||    38

Table legend: (Time is in decaauts)
 A = Elapsed time spent in this place.
 B = Non-inter-level travel time spent in this place.
 C = Inter-level travel time spent in this place.
 D = Time resting spent in this place.
 E = Time spent auto-exploring this place.
 F = Levels seen in this place.
 G = Mean time per level.
                   A        B        C        D        E       F      G
               +--------+--------+--------+--------+--------+-----+--------+
         Total |   1507 |   1451 |     56 |    301 |    920 |   2 |  753.5 |
       Dungeon |   1507 |   1451 |     56 |    301 |    920 |   2 |  753.5 |
               +--------+--------+--------+--------+--------+-----+--------+

Top non-repeatable levels by time:
     D:1: 1462 daAuts
     D:2: 45 daAuts
